 Dungeon Crawl Stone Soup version 0.31.0-11-ge490571c62 (webtiles) character file.

Game seed: 11201280565263324270

1123 gelatine the Covered (level 8, -7/61 HPs)
             Began as a Demonspawn Fighter on Jan 26, 2024.
             Mangled by an acid dragon (9 damage)
             ... on level 7 of the Dungeon.
             The game lasted 00:08:06 (3860 turns).

gelatine the Covered (Demonspawn Fighter)           Turns: 3860, Time: 00:08:07

Health: -7/61      AC:  8    Str: 19    XL:     8   Next: 13%
Magic:  7/8        EV: 10    Int:  8    God:
Gold:   248        SH:  9    Dex: 15    Spells: 7/7 levels left

rFire   . . .        m - +6 shillelagh "Devastator" {shatter}
rCold   . . .        c - +0 buckler
rNeg    . . .        b - +0 scale mail
rPois   .            (no helmet)
rElec   .            (no cloak)
rCorr   .            u - +0 pair of gloves
SInv    +            (no boots)
Will    .....        (no amulet)
Stlth   +            x - ring of see invisible
HPRegen 0.30/turn    (no ring)
MPRegen 0.11/turn

%: no passive effects
@: mighty, corroded
A: thin skeletal structure 1, foul stench 1, icemail 1, condensation shield
a: no special abilities


You were on level 7 of the Dungeon.
You visited 1 branch of the dungeon, and saw 6 of its levels.

You collected 248 gold pieces.

Inventory:

Hand Weapons
 a - a +0 war axe
 m - the +6 shillelagh "Devastator" (weapon) {shatter}
   (You found it on level 3 of the Dungeon)
Armour
 b - a +0 scale mail (worn)
 c - a +0 buckler (worn)
 u - a +0 pair of gloves (worn)
 y - the orb of Life {mayhem, Hexes}
   (You found it on level 5 of the Dungeon)

   Hexes:     It increases the power of your Hexes spells.
Jewellery
 x - a ring of see invisible (left hand)
Scrolls
 g - 2 scrolls of amnesia {unknown}
 h - 2 scrolls of identify {unknown}
 o - a scroll of enchant weapon {unknown}
 q - 3 scrolls of teleportation {unknown}
 r - a scroll of revelation {unknown}
 s - a scroll of noise {unknown}
 t - 2 scrolls of fog {unknown}
 v - 3 scrolls of fear {unknown}
Potions
 d - a potion of might
 e - a potion of enlightenment {unknown}
 f - a potion of degeneration {unknown}
 i - a potion of heal wounds {unknown}
 j - a potion of mutation {unknown}
 k - a potion of lignification {unknown}
 l - a potion of ambrosia {unknown}
 n - a potion of curing {unknown}
 p - 2 potions of cancellation {unknown}
 w - 2 potions of brilliance {unknown}


   Skills:
 * Level 4.4 Fighting
 + Level 3.1(3.9) Axes
 + Level 3.5(4.1) Maces & Flails
 * Level 5.1 Armour
 * Level 3.1 Dodging
 + Level 1.1 Stealth
 * Level 4.4 Shields


You had 7 spell levels left.
You didn't know any spells.
Your spell library contained the following spells:

 Spells                   Type           Power      Damage    Failure   Level
 Static Discharge         Conj/Air       0%         3-3/arc   93%         2
 Frozen Ramparts          Ice            0%         1d1       99%         3
 Airstrike                Air            0%         2d(0-16)  100%        4
 Leda's Liquefaction      Alch/Erth      0%         N/A       100%        4
 Petrify                  Alch/Erth      0%         N/A       100%        4
 Summon Lightning Spire   Summ/Air       0%         N/A       100%        4
 Metabolic Englaciation   Hex/Ice        0%         N/A       100%        5


Dungeon Overview and Level Annotations

Branches:
Dungeon (5/15)
 Temple: D:4-7

Altars:
Ashenzari
Gozag


Innate Abilities, Weirdness & Mutations

You have a somewhat thin skeletal structure. (Dex +2, Stealth+)
You may rarely emit foul miasma when damaged in melee.
A meltable icy envelope protects you from harm. (AC +4)
A meltable shield of frost defends you. (SH +4)


Message History

You kill the orc!
The acid dragon is moderately wounded.
The acid dragon bites you but does no damage.
The acid dragon claws you but does no damage.
The acid dragon bites you but does no damage.
You block the acid dragon's attack.
The orc hits you with a +1 antimagic short sword.
You feel your power leaking away.
You see here a +0 dagger.
You closely miss the orc. The acid dragon spits acid at you.
The splash of acid hits you!!
* * * LOW HITPOINT WARNING * * *
The acid corrodes you! The orc closely misses you.
Unknown command.
You hit the orc.
The orcs shudder.
You kill the orc! x2
You block the acid dragon's attack. The acid dragon claws you.
* * * LOW HITPOINT WARNING * * *
You hit the acid dragon but do no damage.
The acid dragon is moderately wounded.
The acid dragon bites you.
* * * LOW HITPOINT WARNING * * *
The acid dragon barely misses you.
You hit the orc.
The orc and the acid dragon shudder.
You kill the orc!
The acid dragon is moderately wounded.
You block the acid dragon's attack. The acid dragon claws you.
* * * LOW HITPOINT WARNING * * *
You feel very mighty all of a sudden.
The acid dragon bites you but does no damage.
The acid dragon claws you.
* * * LOW HITPOINT WARNING * * *
You sock the acid dragon!
The acid dragon shudders.
The acid dragon is severely wounded. x2
The acid dragon barely misses you. You block the acid dragon's attack.
You closely miss the acid dragon.
The acid dragon is severely wounded.
The acid dragon bites you!
You die...

## .. ###.#+#########
......).......# #!.)@......#
####+#### #...D.)...$###+####
#.......##....#######.......#
#.......##.... #.......#
#.......++.... #.......#
###.......##.... #.......#
..........##....
######.......#
##.#########....
#............# ...####
#.####.......#


You could see an acid dragon.

Vanquished Creatures
  A black bear (D:4)
  4 ogres
  A centaur (D:5)
  3 scorpions
  4 bombardier beetles
  A hound (D:5)
  An orc priest (D:4)
  2 iguanas (D:5)
  An orc wizard (D:4)
  5 adders
  2 ufetubi (D:7)
  2 ribbon worms
  20 orcs
  3 bats
  8 endoplasms
  5 giant cockroaches
  7 goblins
  12 hobgoblins
  2 jackals (D:1)
  3 quokkas
  7 ball pythons
  3 frilled lizards
  3 kobolds
  3 rats
103 creatures vanquished.

Vanquished Creatures (others)
  An orc wizard (D:7)
1 creature vanquished.

Grand Total: 104 creatures vanquished

Notes
Turn   | Place    | Note
-------+----------+-------------------------------------------
     0 | D:1      | gelatine the Demonspawn Fighter began the quest for the
                  | Orb.
     0 | D:1      | Reached XP level 1. HP: 18/18 MP: 1/1
    92 | D:1      | Reached skill level 3 in Armour
   169 | D:1      | Gained mutation: A meltable shield of frost defends you.
                  | (SH +4) [demonic ancestry]
   169 | D:1      | Reached XP level 2. HP: 23/24 MP: 2/2
   641 | D:1      | Reached XP level 3. HP: 29/29 MP: 3/3
  1354 | D:3      | Found the +6 shillelagh "Devastator" {shatter}
  1391 | D:3      | Gained mutation: A meltable icy envelope protects you from
                  | harm. (AC +4) [demonic ancestry]
  1391 | D:3      | Reached XP level 4. HP: 28/35 MP: 4/4
  1460 | D:3      | Found a faded altar of an unknown god.
  1666 | D:3      | Reached skill level 1 in Dodging
  1982 | D:3      | Found an opulent altar of Gozag.
  2292 | D:4      | Reached XP level 5. HP: 41/41 MP: 5/5
  2349 | D:4      | Noticed a black bear
  2355 | D:4      | Killed a black bear
  2356 | D:4      | Reached skill level 1 in Maces & Flails
  2356 | D:4      | Reached skill level 4 in Armour
  2356 | D:4      | Gained mutation: You have a somewhat thin skeletal
                  | structure. (Dex +2, Stealth+) [demonic ancestry]
  2356 | D:4      | Reached XP level 6. HP: 38/47 MP: 6/6
  3067 | D:5      | Entered Level 5 of the Dungeon
  3084 | D:5      | Reached XP level 7. HP: 53/53 MP: 7/7
  3294 | D:5      | Found a broken altar of Ashenzari.
  3317 | D:5      | Reached skill level 1 in Stealth
  3416 | D:5      | Reached skill level 5 in Armour
  3416 | D:5      | Gained mutation: You may rarely emit foul miasma when
                  | damaged in melee. [demonic ancestry]
  3416 | D:5      | Reached XP level 8. HP: 60/60 MP: 8/8
  3578 | D:5      | Identified the orb of Life {mayhem, Hexes}
  3741 | D:5      | You fall into a shaft and drop 2 floors!
  3858 | D:7      | HP: 1/61 [acid dragon (4)]
  3860 | D:7      | Mangled by an acid dragon

Illustrated notes

Levels and vault maps discovered:
D:1:      dpeg_arrival_solitude, layout_rooms, nicolae_eternal_life
D:2:      layout_loops_cross, chequers_arboretum, grunt_decor_one_mirror,
          corexii_item_surrounded_by_moat
D:3:      layout_basic, grunt_temple_overflow_gold_and_silver,
          ebering_ecumenical_altar_box, minivault_5
D:4:      layout_basic
D:5:      layout_basic, nicolae_elyvilon_peaceful_grove,
          cheibrodos_ashenzari_chains, chequers_serial_rivers_micro_c
D:7:      layout_basic

Skill      XL: |  1  2  3  4  5  6  7  8 |
---------------+-------------------------+-----
Armour         | 3 4 5 |  5.1
Axes           | 2 3 |  3.1
Shields        | 3 4 |  4.4
Dodging        | 1 2 3 |  3.1
Maces & Flails | 1 2 3 |  3.5
Fighting       | 4 |  4.4
Stealth        | 1 |  1.1

Action                     |  1- 3 |  4- 6 |  7- 9 || total
---------------------------+-------+-------+-------++-------
  Melee: War axe           |   122 |       |       ||   122
         Shillelagh        |     5 |    51 |    44 ||   100
    Use: Potion            |       |       |     1 ||     1
   Stab: Sleeping          |       |     1 |     2 ||     3
 Armour: Scale mail        |    91 |    24 |    23 ||   138
  Dodge: Dodged            |    45 |    21 |    21 ||    87
  Block: Buckler           |    66 |    18 |    21 ||   105
